 Dungeon Crawl Stone Soup version 0.25.0-15-gac7dcb8 (webtiles) character file.

Game seed: 6851607221609382337

4274 shmeve the Fighter (level 10, -1/91 HPs)
             Began as a Minotaur Berserker on June 28, 2020.
             Was an Elder of Trog.
             Slain by a basilisk (2 damage)
             ... while petrified by a basilisk
             ... on level 8 of the Dungeon.
             The game lasted 00:15:33 (7361 turns).

shmeve the Fighter (Minotaur Berserker)             Turns: 7361, Time: 00:15:34

Health: -1/91      AC: 11    Str: 23    XL:     10   Next: 10%
Magic:  9/9        EV:  2    Int: 11    God:    Trog [****..]
Gold:   404        SH:  0    Dex: 13    Spells: 9/9 levels left

rFire    . . .     SeeInvis .   F - +3 hand axe
rCold    + . .     Gourm    .   J - +2 kite shield
rNeg     + + +     Faith    .   l - +0 chain mail
rPois    ∞         Spirit   .   (helmet restricted)
rElec    .         Reflect  .   (no cloak)
rCorr    .         Harm     .   (no gloves)
MR       .....                  s - +0 pair of boots
Stlth    ..........             (no amulet)
HPRegen  0.25/turn              o - +6 ring of intelligence
MPRegen  0.11/turn              (no ring)

@: petrified
A: retaliatory headbutt, horns 2, thin skeletal structure 1, cold resistance 1,
deterioration 1, screaming 1
a: Berserk, Trog's Hand, Brothers in Arms, Renounce Religion


You were on level 8 of the Dungeon.
You worshipped Trog.
Trog was greatly pleased with you.
You were very hungry.

You visited 2 branches of the dungeon, and saw 9 of its levels.

You collected 452 gold pieces.
You spent 48 gold pieces at shops.

Inventory:

Hand Weapons
 F - a +3 hand axe (weapon)
Missiles
 e - 37 poisoned darts (quivered)
 y - 3 boomerangs
Armour
 l - a +0 chain mail (worn)
 s - a +0 pair of boots (worn)
 J - a +2 kite shield (worn)
Jewellery
 m - the ring of Pegui {*Contam rPois Int+3 Stlth+, unknown}
   (You found it on level 8 of the Dungeon)

   [ring of poison resistance]

   It affects your intelligence (+3).
   It protects you from poison.
   It causes magical contamination when unequipped.
   It makes you more stealthy.
 o - a +6 ring of intelligence (left hand)
Wands
 I - a wand of disintegration (10)
Scrolls
 g - 4 scrolls of teleportation {unknown}
 h - 2 scrolls of magic mapping {unknown}
 i - 3 scrolls of blinking {unknown}
 j - 4 scrolls of amnesia {unknown}
 n - a scroll of fog {unknown}
 r - 4 scrolls of remove curse {unknown}
 t - 3 scrolls of enchant weapon {unknown}
 w - 2 scrolls of enchant armour {unknown}
 A - 3 scrolls of random uselessness {unknown}
 E - a scroll of immolation {unknown}
 K - a scroll of acquirement {unknown}
 L - a scroll of fear {unknown}
Potions
 a - a potion of brilliance
 b - 2 potions of cancellation
 d - 2 potions of invisibility
 f - 2 potions of heal wounds
 k - 4 potions of curing
 u - a potion of might
 v - a potion of haste
 x - 2 potions of flight
 z - a potion of lignification {unknown}
 C - a potion of ambrosia {unknown}
 G - a potion of stabbing {unknown}
Comestibles
 c - 21 rations


   Skills:
 * Level 9.0 Fighting
 * Level 8.9 Axes
 + Level 4.5 Throwing
 + Level 6.2 Armour
 + Level 5.6 Dodging
 * Level 8.7 Shields


You had 9 spell levels left.
You didn't know any spells.
Your spell library was empty.

Dungeon Overview and Level Annotations

Branches:
Dungeon (8/15)             Temple (1/1) D:7            Lair (0/6) D:8

Altars:
Ashenzari
Cheibriados
Dithmenos
Elyvilon
Fedhas
Gozag
Kikubaaqudgha
Makhleb
Nemelex Xobeh
Okawaru
Qazlal
Ru
Sif Muna
Trog
Vehumet
Wu Jian
Xom
Yredelemnul

Shops:
D:7 *

Annotations:
D:7 1 runed translucent door


Innate Abilities, Weirdness & Mutations

You reflexively headbutt those who attack you in melee.
You have a pair of horns on your head.
You have a somewhat thin skeletal structure. (Dex +2, Stealth)
Your flesh is cold resistant. (rC+)
Your body sometimes deteriorates upon taking damage.
You occasionally shout uncontrollably at your foes.


Message History

The basilisk bites you but does no damage.
The basilisk gazes at you. You resist with some effort.
The death yak gores you.
* * * LOW HITPOINT WARNING * * *
The basilisk bites you but does no damage.
The basilisk bites you.
The death yak gores you but does no damage.
The basilisk gazes at you. The basilisk bites you!
* * * LOW HITPOINT WARNING * * *
The death yak barely misses you. The basilisk gazes at you. x2
The death yak gores you!
* * * LOW HITPOINT WARNING * * *
The basilisk bites you but does no damage. x2
The death yak gores you!
* * * LOW HITPOINT WARNING * * *
The basilisk gazes at you. The basilisk bites you.
You die...

#.#.#
#......# ..
#.#.#
..####.# .
#.#.# ####
.# #.#.# .#
#.#.###
#.#../#
#.###.###
#.......##
###.###@l#
#.# #lY.#
#.# .Y...#
#.#.......#
#.#.P..P..#
#..........#
#..........#
#.....>.....


You could see a death yak, an elephant and 2 basilisks.

Vanquished Creatures
  A two-headed ogre (D:8)
  The ghost of apoch the Cleaver, an amateur MiBe of Trog (D:4)
  Prince Ribbit (D:7)
  2 hippogriffs (D:7)
  A water moccasin (D:7)
  An ice beast (D:8)
  2 sky beasts
  A phantom (D:8)
  3 ogres
  2 centaurs (D:5)
  2 gnoll sergeants (D:7)
  2 scorpions (D:7)
  8 killer bees
  3 howler monkeys (D:7)
  3 crimson imps
  2 bullfrog zombies
  A centaur zombie (D:5)
  3 jellies
  2 orc priests
  A bullfrog skeleton (D:5)
  A hound (D:8)
  A centaur skeleton (D:7)
  6 orc wizards
  8 worker ants
  2 hound zombies
  11 adders
  9 gnolls
  2 oozes
  7 worms
  3 dart slugs
  2 leopard geckos
  29 orcs
  7 giant cockroaches
  3 goblins
  9 hobgoblins
  11 jackals
  8 kobolds
  3 quokkas
  4 bats (D:1)
  2 frilled lizards (D:2)
  2 giant cockroach zombies
  2 jackal skeletons (D:5)
  A leopard gecko skeleton (D:5)
  6 rats
  A butterfly (D:7)
182 creatures vanquished.

Vanquished Creatures (collateral kills)
  A soldier ant (D:7)
  A scorpion (D:7)
  2 killer bees (D:7)
  A crimson imp (D:7)
  A worker ant (D:7)
  A butterfly (D:7)
7 creatures vanquished.

Grand Total: 189 creatures vanquished

Notes
Turn   | Place    | Note
-------+----------+-------------------------------------------
     0 | D:1      | shmeve the Minotaur Berserker began the quest for the Orb.
     0 | D:1      | Reached XP level 1. HP: 19/19 MP: 0/0
   220 | D:1      | Reached XP level 2. HP: 27/27 MP: 1/1
   590 | D:1      | Reached skill level 4 in Fighting
   804 | D:1      | Reached XP level 3. HP: 32/33 MP: 2/2
  1215 | D:2      | Reached ** piety under Trog
  1383 | D:2      | Reached skill level 1 in Throwing
  1718 | D:2      | Reached XP level 4. HP: 41/41 MP: 3/3
  2619 | D:3      | Reached XP level 5. HP: 40/47 MP: 4/4
  2881 | D:3      | Found a faded altar of an unknown god.
  3253 | D:3      | Reached skill level 5 in Fighting
  3371 | D:4      | Reached skill level 5 in Axes
  3498 | D:4      | Noticed an ogre
  3505 | D:4      | Killed an ogre
  3505 | D:4      | Reached XP level 6. HP: 52/56 MP: 5/5
  3819 | D:4      | Found a runed translucent door.
  3820 | D:4      | Noticed apoch's ghost (amateur MiBe)
  3836 | D:4      | Killed apoch's ghost
  3836 | D:4      | Reached skill level 6 in Fighting
  3836 | D:4      | Reached XP level 7. HP: 63/63 MP: 6/6
  4061 | D:5      | Entered Level 5 of the Dungeon
  4088 | D:5      | Reached *** piety under Trog
  4291 | D:5      | Reached skill level 7 in Fighting
  4493 | D:5      | Reached XP level 8. HP: 73/73 MP: 7/7
  4952 | D:6      | Found an ancient bone altar of Kikubaaqudgha.
  4953 | D:6      | Found a blossoming altar of Fedhas.
  5057 | D:6      | Reached skill level 5 in Armour
  5304 | D:6      | Found a snail-covered altar of Cheibriados.
  5563 | D:7      | Noticed a hippogriff
  5566 | D:7      | Noticed Prince Ribbit
  5573 | D:7      | Killed a hippogriff
  5573 | D:7      | Reached skill level 8 in Fighting
  5573 | D:7      | Reached skill level 5 in Dodging
  5586 | D:7      | Killed Prince Ribbit
  5674 | D:7      | Reached XP level 9. HP: 77/82 MP: 8/8
  5725 | D:7      | Found Lugi's Assorted Antiques.
  5739 | D:7      | Bought a scroll labeled VEREYL NOSCHU for 24 gold pieces
  5739 | D:7      | Bought a scroll labeled SUUSIL HUTUIGA for 24 gold pieces
  5764 | D:7      | Reached **** piety under Trog
  5969 | D:7      | Reached skill level 1 in Shields
  6335 | D:7      | Found a runed translucent door.
  6342 | D:7      | Found a runed translucent door.
  6349 | D:7      | Reached skill level 5 in Shields
  6370 | D:7      | Got a pitted hand axe
  6371 | D:7      | Identified the +6 hand axe of Abomination {speed, *Rage rC+
                  | Int+3} (You found it on level 7 of the Dungeon)
  6525 | D:7      | Found a staircase to the Ecumenical Temple.
  6751 | Temple   | Entered the Ecumenical Temple
  6765 | Temple   | Gained mutation: Your body sometimes deteriorates upon
                  | taking damage. [potion of mutation]
  6765 | Temple   | Gained mutation: You occasionally shout uncontrollably at
                  | your foes. [potion of mutation]
  6765 | Temple   | Gained mutation: You have a somewhat thin skeletal
                  | structure. (Dex +2, Stealth) [potion of mutation]
  6765 | Temple   | Gained mutation: Your flesh is cold resistant. (rC+)
                  | [potion of mutation]
  7074 | D:8      | Found an ancient bone altar of Kikubaaqudgha.
  7295 | D:8      | Noticed a two-headed ogre
  7302 | D:8      | Killed a two-headed ogre
  7302 | D:8      | Reached skill level 9 in Fighting
  7302 | D:8      | Reached XP level 10. HP: 91/91 MP: 9/9
  7344 | D:8      | Noticed a death yak
  7345 | D:8      | Found a staircase to the Lair.
  7345 | D:8      | Noticed an elephant
  7346 | D:8      | Got a clouded bone ring
  7360 | D:8      | HP: 1/91 [death yak (8)]
  7361 | D:8      | Slain by a basilisk

Illustrated notes

Levels and vault maps discovered:
D:1:      dpeg_arrival_rooms_b, layout_basic, serial_forest,
          infiniplex_forest_clump_small, infiniplex_forest_zigzag_1,
          infiniplex_forest_straight_1, infiniplex_forest_lined_2,
          infiniplex_forest_lined_room_2
D:2:      layout_loops_corners
D:3:      layout_loops_corners, chequers_ecumenical_altar_simple_redux
D:4:      layout_gridville, gammafunk_ghost_grave, minmay_cut_off
D:5:      layout_basic, first_ration, minmay_fractal_squares_diagonal_5
D:6:      layout_rooms, grunt_temple_overflow_growth_and_decay,
          cheibrodos_worm_habitat, minivault_22
D:7:      lemuel_insect_pit, layout_layer_cave, temple_fountains, serial_shops,
          nicolae_shop_waterfront, uniq_prince_ribbit1
D:8:      layout_basic, grunt_temple_overflow_diamond, david_lair_generic,
          basic_altar
Temple:   regret_index_temple_generic_petals

Skill      XL: |  1  2  3  4  5  6  7  8  9 |
---------------+----------------------------+-----
Fighting       | 4 5 6 7 8 9 |  9.0
Axes           | 4 5 6 7 8 |  8.9
Throwing       | 1 2 3 4 |  4.5
Armour         | 3 4 5 6 |  6.2
Dodging        | 3 4 5 |  5.6
Shields        | 8 |  8.7

Action                   |  1- 3 |  4- 6 |  7- 9 | 10-12 || total
-------------------------+-------+-------+-------+-------++-------
Melee: Hand axe          |    85 |   119 |   203 |    11 ||   418
       Headbutt          |     7 |    17 |    42 |     7 ||    73
       War axe           |       |       |    19 |       ||    19
Throw: Dart              |       |    25 |    18 |       ||    43
       Boomerang         |       |       |    20 |       ||    20
Invok: Trog's Hand       |     1 |     2 |     4 |       ||     7
       Berserk           |       |     3 |     6 |       ||     9
       Brothers in Arms  |       |       |     1 |       ||     1
  Use: Potion            |       |     3 |     1 |       ||     4
       Scroll            |       |       |     9 |     1 ||    10
  Eat: Chunk             |     3 |     8 |    19 |       ||    30
Armor: Animal skin       |    12 |     2 |       |       ||    14
       Chain mail        |       |    42 |   121 |    10 ||   173
Dodge: Dodged            |    62 |    59 |   144 |     2 ||   267
Block: Kite shield       |       |       |    14 |     7 ||    21
